 Dungeon Crawl Stone Soup version 0.27.1-1-g398f81649c (webtiles) character file.

Game seed: 4947828852460504768

3252 MisterFreud the Chiller (level 9, -8/106 HPs)
             Began as a Gnoll Wanderer on Sept 21, 2021.
             Was a Believer of Qazlal.
             Mangled by a yak (10 damage)
             ... on level 8 of the Dungeon.
             The game lasted 00:16:05 (10228 turns).

MisterFreud the Chiller (Gnoll Wanderer)           Turns: 10228, Time: 00:16:06

Health: -8/106     AC: 24    Str: 12    XL:     9   Next: 99%
Magic:  12/16      EV:  2    Int: 14    God:    Qazlal [**....]
Gold:   1535       SH: 10    Dex: 12    Spells: 13/17 levels left

rFire    + . .     SeeInvis .   D - +3 dagger (vamp)
rCold    x . .     Faith    .   G - +3 buckler of Wisdom {rPois rC- Slay+2}
rNeg     + + +     Spirit   .   (armour currently unavailable)
rPois    +         Reflect  .   (helmet currently unavailable)
rElec    .         Harm     .   (cloak currently unavailable)
rCorr    .         Rampage  .   (gloves currently unavailable)
Will     .....     NoTele   +   (boots currently unavailable)
Stlth    ++........             (no amulet)
HPRegen  0.27/turn              E - ring of protection from fire
MPRegen  0.15/turn              B - ring of flight

@: tree-form (expiring), marked
A: stationary, stasis, torment immunity, boosted hp, (fangs 1), strong nose,
distributed training
a: Renounce Religion, Upheaval


You were on level 8 of the Dungeon.
You worshipped Qazlal.
Qazlal was pleased with you.
You were a tree.
You visited 1 branch of the dungeon, and saw 9 of its levels.

You collected 1661 gold pieces.
You spent 126 gold pieces at shops.

Inventory:

Hand Weapons
 a - a +0 club
 o - a +0 war axe
 z - a +0 hand axe of flaming
 D - a +3 vampiric dagger (weapon)
Missiles
 i - 101 poisoned darts (quivered)
 u - 5 boomerangs
Armour
 c - a +2 scale mail (melded)
 e - a +2 hat (melded)
 m - a +1 buckler
 G - the +3 buckler of Wisdom (worn) {rPois rC- Slay+2}
   (You acquired it on level 6 of the Dungeon)

   Slay:      It affects your accuracy & damage with ranged weapons and melee
   (+2).
   rC:        It makes you vulnerable to cold.
   rPois:     It protects you from poison.
Jewellery
 f - a ring of magical power
 B - a ring of flight (right branch)
 E - a ring of protection from fire (left branch)
Wands
 q - a wand of flame (15)
Scrolls
 d - a scroll of immolation
 g - a scroll of noise
 h - a scroll of blinking
 j - a scroll of fog
 p - a scroll of enchant armour
 t - a scroll of holy word
 v - a scroll of summoning
 w - a scroll of magic mapping
 x - 4 scrolls of vulnerability
 y - a scroll of fear
 C - a scroll of identify
 H - a scroll of teleportation
Potions
 b - a potion of curing
 k - a potion of ambrosia
 n - a potion of lignification
 r - a potion of resistance
 s - a potion of brilliance
 A - 2 potions of mutation
 F - a potion of haste


   Skills:
 + Level 6.7 Fighting
 + Level 4.7 Short Blades
 + Level 4.7 Long Blades
 + Level 6.7 Axes
 + Level 4.7 Maces & Flails
 + Level 4.7 Polearms
 + Level 4.7 Staves
 + Level 4.7 Slings
 + Level 4.7 Bows
 + Level 4.7 Crossbows
 + Level 4.7 Throwing
 + Level 5.5 Armour
 + Level 4.7 Dodging
 + Level 4.7 Stealth
 + Level 5.5 Shields
 + Level 4.7 Unarmed Combat
 + Level 4.7 Spellcasting
 + Level 3.9 Conjurations
 + Level 3.9 Hexes
 + Level 3.9 Summonings
 + Level 3.9 Necromancy
 + Level 3.9 Translocations
 + Level 3.9 Transmutations
 + Level 3.9 Fire Magic
 + Level 6.8 Ice Magic
 + Level 3.9 Air Magic
 + Level 3.9 Earth Magic
 + Level 3.9 Poison Magic
 + Level 5.2 Invocations
 + Level 5.5 Evocations


You had 13 spell levels left.
You knew the following spells:

 Your Spells              Type           Power      Damage    Failure   Level
a - Freeze                Ice            88%        1d10      1%          1
b - Frozen Ramparts       Ice            44%        1d6       3%          3

Your spell library contained the following spells:

 Spells                   Type           Power      Damage    Failure   Level
 Sandblast                Erth           28%        2d8       3%          1
 Passwall                 Tmut/Erth      11%        N/A       5%          2
 Call Canine Familiar     Summ           14%        N/A       11%         3
 Portal Projectile        Hex/Tloc       28%        N/A       11%         3
 Leda's Liquefaction      Hex/Erth       7%         N/A       34%         4
 Lee's Rapid Deconstruct  Erth           7%         3d7*      69%         5


Dungeon Overview and Level Annotations

Branches:
Dungeon (9/15)             Temple (0/1) D:6
   Lair: D:8-11         Orc: D:9-12

Altars:
Ashenzari
Cheibriados
Dithmenos
Elyvilon
Fedhas
Qazlal
Ru
Sif Muna
Trog
Wu Jian
The Shining One

Shops:
D:8 *


Innate Abilities, Weirdness & Mutations

You are a tree.
Your roots penetrate the ground, keeping you stationary.
You cannot be teleported.
You are immune to unholy pain and torment.
Your maximum health is greatly increased.
Your equipment is partially melded.
((You have very sharp teeth.))
Your uncanny sense of smell can sniff out nearby items.
Your experience applies equally to all skills.


Message History

You slash the orc!
You kill the orc!
Qazlal accepts your kill.
A killer bee comes into view.
The yak gores you but does no damage.
You feel a sense of dread.
D - a +3 vampiric dagger (weapon)
You hit the yak but do no damage.
The yak is moderately wounded.
The yak gores you but does no damage.
A yak comes into view.
You puncture the yak!
You feel better.
The yak is heavily wounded.
The yak gores you but does no damage.
You hit the yak.
You feel better.
The yak is heavily wounded.
The yak gores you.
* * * LOW HITPOINT WARNING * * *
You barely miss the yak.
You block the yak's attack. x2; The yak gores you!
* * * LOW HITPOINT WARNING * * *
A yak comes into view.
You hit the yak.
You feel better.
The yak is heavily wounded.
The yak gores you but does no damage. You block the yak's attack.
You barely miss the yak.
The yak is heavily wounded.
The yak gores you!
* * * LOW HITPOINT WARNING * * *
You block the yak's attack.
You barely miss the yak.
The yak is heavily wounded.
You block the yak's attack. The yak gores you but does no damage.
You barely miss the yak.
The yak is heavily wounded.
You block the yak's attack. x2; The yak gores you but does no damage.
You hit the yak but do no damage.
The yak is heavily wounded.
Your transformation is almost over.
The yak completely misses you. The yak gores you!
You die...

#......... #.##.###..
#.##.# #.# #.##.# #.#
#.##.# #.# #)##.# #.#
#.#############.##.# #.#
#.....YY☼[......##.###.#
#....yY♣[)..........>#.#
#..##Y##########........
# #..........
#.#........ #.#####.#..
##.#####.### #........#
#......### #....).####


You could see 4 yaks and a killer bee.

Vanquished Creatures
  Harold (D:8)
  Maurice (D:8)
  A yak (D:8)
  Duvessa (D:7)
  A sky beast (D:6)
  2 black bears (D:4)
  2 orc warriors
  An ice beast (D:5)
  An ogre (D:5)
  A centaur (D:7)
  2 phantoms
  2 scorpions
  Dowan (D:7)
  3 wights (D:4)
  3 electric eels (D:3)
  A centaur zombie (D:7)
  3 hounds
  A gnoll shaman (D:4)
  A bullfrog skeleton (D:6)
  An orc priest (D:7)
  A centaur skeleton (D:5)
  3 iguanas
  3 orc wizards
  A hound zombie (D:5)
  2 hound skeletons (D:4)
  A howler monkey zombie (D:7)
  9 gnolls
  6 adders
  2 ufetubi
  2 worms
  20 orcs
  11 ball pythons
  7 bats
  10 endoplasms
  3 giant cockroaches (D:4)
  13 goblins
  7 hobgoblins
  4 jackals (D:2)
  A quokka (D:2)
  2 frilled lizards
  7 kobolds
  7 rats
152 creatures vanquished.

Vanquished Creatures (others)
  A fungus (D:2)
  3 plants
  7 withered plants (D:8)
11 creatures vanquished.

Grand Total: 163 creatures vanquished

Notes
Turn   | Place    | Note
-------+----------+-------------------------------------------
     0 | D:1      | MisterFreud the Gnoll Wanderer began the quest for the Orb.
     0 | D:1      | MisterFreud set off with the following items: a +0 club, a
                  | potion of curing, a +2 scale mail; and the following spell
                  | memorised: Freeze; and the following spells available to
                  | memorise: Frozen Ramparts
     0 | D:1      | Reached XP level 1. HP: 20/20 MP: 1/1
   530 | D:1      | Reached XP level 2. HP: 24/26 MP: 2/2
   956 | D:1      | Reached XP level 3. HP: 31/31 MP: 3/3
  1957 | D:2      | Reached skill level 1 in Invocations
  2232 | D:2      | Reached skill level 1 in Short Blades
  2232 | D:2      | Reached skill level 1 in Long Blades
  2232 | D:2      | Reached skill level 1 in Maces & Flails
  2232 | D:2      | Reached skill level 1 in Polearms
  2232 | D:2      | Reached skill level 1 in Staves
  2232 | D:2      | Reached skill level 1 in Slings
  2232 | D:2      | Reached skill level 1 in Bows
  2232 | D:2      | Reached skill level 1 in Crossbows
  2232 | D:2      | Reached skill level 1 in Throwing
  2232 | D:2      | Reached skill level 1 in Dodging
  2232 | D:2      | Reached skill level 1 in Stealth
  2232 | D:2      | Reached skill level 1 in Unarmed Combat
  2232 | D:2      | Reached skill level 1 in Spellcasting
  2600 | D:2      | Reached XP level 4. HP: 20/38 MP: 5/5
  2772 | D:2      | Found a faded altar of an unknown god.
  2782 | D:2      | Became a worshipper of Qazlal Stormbringer
  2782 | D:2      | Reached * piety under Qazlal
  3165 | D:3      | Reached skill level 1 in Conjurations
  3165 | D:3      | Reached skill level 1 in Hexes
  3165 | D:3      | Reached skill level 1 in Summonings
  3165 | D:3      | Reached skill level 1 in Necromancy
  3165 | D:3      | Reached skill level 1 in Translocations
  3165 | D:3      | Reached skill level 1 in Transmutations
  3165 | D:3      | Reached skill level 1 in Fire Magic
  3165 | D:3      | Reached skill level 1 in Air Magic
  3165 | D:3      | Reached skill level 1 in Earth Magic
  3165 | D:3      | Reached skill level 1 in Poison Magic
  3295 | D:3      | Found a transporter.
  3362 | D:3      | Found a transporter.
  3368 | D:3      | Reached XP level 5. HP: 22/43 MP: 3/7
  3599 | D:3      | Learned a level 3 spell: Frozen Ramparts
  4397 | D:3      | Reached XP level 6. HP: 40/50 MP: 8/8
  4462 | D:3      | Reached ** piety under Qazlal
  4520 | D:3      | Reached skill level 5 in Fighting
  4520 | D:3      | Reached skill level 5 in Axes
  4555 | D:4      | Noticed a black bear
  4558 | D:4      | Noticed an ice beast
  4572 | D:4      | Killed a black bear
  4863 | D:4      | Reached XP level 7. HP: 56/56 MP: 10/10
  5195 | D:4      | Found a broken altar of Ashenzari.
  5307 | D:4      | Found a glowing golden altar of the Shining One.
  5411 | D:4      | Reached XP level 8. HP: 27/63 MP: 9/12
  5895 | D:5      | Entered Level 5 of the Dungeon
  6322 | D:5      | Found a bloodstained altar of Trog.
  6324 | D:5      | Found a shadowy altar of Dithmenos.
  6326 | D:5      | Found a snail-covered altar of Cheibriados.
  6326 | D:5      | Found an ornate altar of the Wu Jian Council.
  6326 | D:5      | Found a white marble altar of Elyvilon.
  6328 | D:5      | Found a blossoming altar of Fedhas.
  6328 | D:5      | Found a shimmering blue altar of Sif Muna.
  6329 | D:5      | Found a sacrificial altar of Ru.
  7364 | D:6      | Found a staircase to the Ecumenical Temple.
  7441 | D:6      | Noticed a freezing wraith
  7445 | D:6      | Noticed a freezing wraith
  7452 | D:7      | Reached *** piety under Qazlal
  7748 | D:7      | Noticed Duvessa
  7748 | D:7      | Noticed Dowan
  7753 | D:7      | Killed Dowan
  7780 | D:7      | Killed Duvessa
  7781 | D:7      | Reached XP level 9. HP: 10/69 MP: 6/14
  8388 | D:6      | Identified 2 scrolls of acquirement
  8388 | D:6      | Acquired the +3 buckler of Wisdom {rPois rC- Slay+2}
  8885 | D:6      | Acquired 1226 gold pieces
  8913 | D:6      | Noticed a death knight
  8924 | D:6      | Identified the +3 ring mail "Ummulem" {Dex+3 Slay+2}
  8924 | D:6      | Noticed a skeletal warrior
  9519 | D:8      | Found Qurili's General Store.
  9522 | D:8      | Bought a scroll of identify for 28 gold pieces
  9522 | D:8      | Bought a scroll of teleportation for 42 gold pieces
  9522 | D:8      | Bought a scroll of identify for 28 gold pieces
  9522 | D:8      | Bought a scroll of identify for 28 gold pieces
  9631 | D:8      | Noticed Maurice
  9947 | D:8      | Killed Maurice
  9948 | D:8      | Reached skill level 5 in Armour
  9948 | D:8      | Reached skill level 5 in Shields
  9948 | D:8      | Reached skill level 5 in Evocations
 10196 | D:8      | Noticed Harold
 10213 | D:8      | Killed Harold
 10214 | D:8      | Reached skill level 5 in Invocations
 10225 | D:8      | HP: 1/106 [yak (8)]
 10228 | D:8      | Mangled by a yak

Illustrated notes

Levels and vault maps discovered:
D:1:      dpeg_cavernosity, layout_basic
D:2:      layout_basic, shapermc_ecumenical_altar_acropolis
D:3:      gammafunk_steamed_eel, layout_basic, nrook_campfire
D:4:      layout_rooms, mainiacjoe_overflow_paths, minmay_ruined_shrine
D:5:      layout_basic, grunt_temple_overflow_open
D:6:      minmay_clustersquares, layout_gridville, minmay_temple_entry_tees
D:7:      layout_rooms, enter_bailey_5, hangedman_abyss_or_decor_lesser_grid,
          uniq_duvessa
D:8:      layout_basic, kiku_gazebo_garden_becter, nemelex_spade_bored_becter,
          david_lair_shrubbed, serial_shops, nicolae_shop_behind_doors,
          amethyst_killhole, kennysheep_generic_room_14, uniq_erica,
          uniq_maurice, uniq_harold
D:9:      layout_basic, nicolae_gozag_seed_capital

Skill      XL: |  1  2  3  4  5  6  7  8  9 |
---------------+----------------------------+-----
Invocations    | 1 2 3 4 5 |  5.2
Short Blades   | 1 2 3 4 |  4.7
Long Blades    | 1 2 3 4 |  4.7
Maces & Flails | 1 2 3 4 |  4.7
Polearms       | 1 2 3 4 |  4.7
Staves         | 1 2 3 4 |  4.7
Slings         | 1 2 3 4 |  4.7
Bows           | 1 2 3 4 |  4.7
Crossbows      | 1 2 3 4 |  4.7
Throwing       | 1 2 3 4 |  4.7
Dodging        | 1 2 3 4 |  4.7
Stealth        | 1 2 3 4 |  4.7
Unarmed Combat | 1 2 3 4 |  4.7
Spellcasting   | 1 2 3 4 |  4.7
Conjurations   | 1 2 3 |  3.9
Hexes          | 1 2 3 |  3.9
Summonings     | 1 2 3 |  3.9
Necromancy     | 1 2 3 |  3.9
Translocations | 1 2 3 |  3.9
Transmutations | 1 2 3 |  3.9
Fire Magic     | 1 2 3 |  3.9
Air Magic      | 1 2 3 |  3.9
Earth Magic    | 1 2 3 |  3.9
Poison Magic   | 1 2 3 |  3.9
Armour         | 3 4 5 |  5.5
Shields        | 3 4 5 |  5.5
Evocations     | 3 4 5 |  5.5
Fighting       | 5 6 |  6.7
Axes           | 5 6 |  6.7
Ice Magic      | 6 |  6.8

Action                   |  1- 3 |  4- 6 |  7- 9 || total
-------------------------+-------+-------+-------++-------
Melee: Club              |   198 |    23 |       ||   221
       Bite              |    20 |     8 |    29 ||    57
       Punch             |     1 |       |     1 ||     2
       War axe           |       |    80 |   267 ||   347
       Dagger            |       |       |    17 ||    17
Throw: Dart              |       |       |     3 ||     3
 Cast: Freeze            |     5 |    16 |     2 ||    23
Invok: Upheaval          |       |       |     7 ||     7
Evoke: Wand              |       |     5 |       ||     5
  Use: Potion            |       |       |     4 ||     4
       Scroll            |       |       |    21 ||    21
 Stab: Invisible         |       |       |     1 ||     1
Armor: Scale mail        |   151 |   103 |   208 ||   462
       Skin              |       |       |    10 ||    10
Dodge: Dodged            |   109 |    70 |   149 ||   328
Block: Other             |       |     4 |    25 ||    29
       Buckler           |       |       |    96 ||    96
